 Dungeon Crawl Stone Soup version 0.23-a0-619-g281719c (console) character file.

73 Duffy the Chopper (level 4, -2/42 HPs)
             Began as a Naga Fighter on Dec 22, 2018.
             Slain by a killer bee zombie (6 damage)
             ... in an ossuary.
             The game lasted 00:00:50 (823 turns).

Duffy the Chopper (Naga Fighter)                     Turns: 823, Time: 00:00:50

Health: -2/42      AC:  4    Str: 18    XL:     4   Next: 27%
Magic:  4/4        EV:  5    Int:  9    God:
Gold:   10         SH:  9    Dex: 11    Spells: 3/3 levels left

rFire    . . .     SeeInvis +   a - +0 war axe
rCold    . . .     Gourm    .   c - +0 shield
rNeg     . . .     Faith    .   b - +0 scale mail
rPois    +         Spirit   .   (no helmet)
rElec    .         Reflect  .   (no cloak)
rCorr    .         Harm     .   (no gloves)
MR       .....                  (no barding)
Stlth    ..........             (no amulet)
HPRegen  0.14/turn              (no ring)
MPRegen  0.09/turn              (no ring)

@: very slow
A: large, see invisible, deformed body, poison resistance, slowness 2, slow
metabolism 1, spit poison 1, AC +1
a: Spit Poison


You were in an ossuary.
You were not hungry.

You visited 1 branch of the dungeon, and saw 4 of its levels.
You also visited: Ossuary.

You collected 10 gold pieces.

Inventory:

Hand Weapons
 a - a +0 war axe (weapon)
Armour
 b - a +0 scale mail (worn)
 c - a +0 shield (worn)
Wands
 g - a wand of paralysis (8)
Scrolls
 e - a scroll of teleportation {unknown}
Potions
 d - a potion of might
Comestibles
 f - a ration


   Skills:
 - Level 3.0 Fighting
 + Level 3.4 Axes
 - Level 2.4 Armour
 + Level 3.3 Shields


You had 3 spell levels left.
You didn't know any spells.
Your spell library was empty.

Dungeon Overview and Level Annotations

Branches:
Dungeon (4/15)
 Temple: D:4-7

Altars:

Annotations:
D:3 Grinder


Innate Abilities, Weirdness & Mutations

You cannot wear boots.
Your serpentine skin is tough. (AC +1)
You have supernaturally acute eyesight. (SInv)
Armour fits poorly on your strangely shaped body.
Your system is resistant to poisons. (rPois)
You cover ground very slowly.
You have a slow metabolism.
You can spit poison.


Message History

The worker ant zombie is severely damaged.
The worker ant zombie bites you. x2
You hit the worker ant zombie but do no damage.
The worker ant zombie is severely damaged.
A killer bee zombie comes into view.
The worker ant zombie barely misses you.
You barely miss the worker ant zombie.
The worker ant zombie is severely damaged.
The worker ant zombie closely misses you.
The worker ant zombie bites you but does no damage.
You barely miss the worker ant zombie.
The worker ant zombie is severely damaged.
You block the worker ant zombie's attack.
You slash the worker ant zombie!
You destroy the worker ant zombie!
The killer bee zombie hits you.
You hit the killer bee zombie.
The killer bee zombie is moderately damaged.
The killer bee zombie hits you.
You die...

##### # #.#.#
###'#+#'#'#+#+#+#
#.'......Z......+
###.##'##Z##'##.#
#...#@# #.\.###
#..\# #####


You could see a worker ant zombie and a killer bee zombie.

Vanquished Creatures
  Jessica (D:3)
  2 mummies (Ossuary)
  A worker ant zombie (Ossuary)
  An adder zombie (Ossuary)
  3 bats
  A goblin (D:1)
  A hobgoblin (D:1)
  A ball python (D:2)
  A rat (D:2)
12 creatures vanquished.

Vanquished Creatures (others)
  3 withered plants (Ossuary)
3 creatures vanquished.

Grand Total: 15 creatures vanquished

Notes
Turn   | Place    | Note
-------+----------+-------------------------------------------
     0 | D:1      | Duffy the Naga Fighter began the quest for the Orb.
     0 | D:1      | Reached XP level 1. HP: 21/21 MP: 1/1
   200 | D:3      | Noticed Grinder
   234 | D:2      | You fall through a shaft!
   259 | D:3      | Noticed Jessica
   266 | D:3      | Killed Jessica
   266 | D:3      | Reached XP level 2. HP: 19/28 MP: 2/2
   266 | D:3      | Reached XP level 3. HP: 23/34 MP: 3/3
   404 | D:4      | Found a sand-covered staircase.
   404 | D:4      | Noticed an ogre
   411 | Ossuary  | Entered an ossuary
   513 | Ossuary  | HP: 1/34 [mummy (2)]
   516 | Ossuary  | Reached XP level 4. HP: 2/42 MP: 4/4
   823 | Ossuary  | Slain by a killer bee zombie

Vault maps used:
D:1:      psy_arrival_radial02
D:3:      chequers_temple_overflow_statue_of_worship, grunt_ministairs_1,
          kennysheep_decorative_pillar, uniq_terence, uniq_jessica, uniq_grinder
D:4:      lightli_ossuary_entry_decrepit_ruins, first_ration, uniq_ijyb
Ossuary:  ossuary_zaba_flooded

Skill      XL: |  1  2  3 |
---------------+----------+-----
Shields        | 3 |  3.3
Axes           | 3 |  3.4
Fighting       | |  3.0
Armour         | |  2.4

Action                   |  1- 3 |  4- 6 || total
-------------------------+-------+-------++-------
Melee: War axe           |    40 |    16 ||    56
 Abil: Spit Poison       |     2 |       ||     2
Armor: Scale mail        |    13 |     5 ||    18
Dodge: Dodged            |    15 |     4 ||    19
Block: Shield            |    31 |     6 ||    37

Table legend:
 A = Non-vault XP
 B = Vault XP
 C = Vault XP percentage of total XP
 D = Non-vault monster count
 E = Vault monster count
 F = Vault count percentage of total count
                 A         B        C        D         E       F
            +---------+---------+-------+---------+---------+-------
      Total |      11 |      94 |  89.5 |       7 |       5 |  41.7
            +---------+---------+-------+---------+---------+-------
        D:1 |       6 |       0 |   0.0 |       3 |       0 |   0.0
        D:2 |       2 |       0 |   0.0 |       2 |       0 |   0.0
        D:3 |       2 |      37 |  94.9 |       1 |       1 |  50.0
        D:4 |       1 |       0 |   0.0 |       1 |       0 |   0.0
    Ossuary |       0 |      57 | 100.0 |       0 |       4 | 100.0
            +---------+---------+-------+---------+---------+-------
